DSL
DSL OTTAWA LYNX @ DSL CINCINNATI REDS
06/10/2042
 
TOP OF THE 1ST
DSL Ottawa Lynx batting - Pitching for DSL Cincinnati Reds : RHP Jon Jones
Pitching: RHP Jon Jones
Batting: LHB Tomás Flores 0-0: Ball
1-0: Swinging Strike
1-1: Called Strike
1-2: Strikes out swinging
Batting: SHB Leonardo Pineda 0-0: Ball
1-0: Foul Ball, location: 5DF
1-1: Foul Ball, location: 25FF
1-2: Ball
2-2: Strikes out looking
Batting: LHB Sergio Soriano 0-0: Called Strike
0-1: Fly out, F9 (Flyball, 9, EV 83.1 MPH)
Top of the 1st over - 0 runs, 0 hits, 0 errors, 0 left on base; DSL Ottawa 0 - DSL Cincinnati 0
BOTTOM OF THE 1ST
DSL Cincinnati Reds batting - Pitching for DSL Ottawa Lynx : RHP Luis Bernard
Pitching: RHP Luis Bernard
Batting: LHB José Gonzáles 0-0: Ball
1-0: Foul Ball, location: 7LSF
1-1: Swinging Strike
1-2: Fly out, F5 (Popup, 25F, EV 81.9 MPH)
Batting: RHB Héctor Rincón 0-0: Ball
1-0: Called Strike
1-1: Fly out, F7 (Flyball, 78M, EV 88.1 MPH)
Batting: RHB Jesús Vásquez 0-0: Ball
1-0: Swinging Strike
1-1: Called Strike
1-2: Strikes out swinging
Bottom of the 1st over - 0 runs, 0 hits, 0 errors, 0 left on base; DSL Ottawa 0 - DSL Cincinnati 0
TOP OF THE 2ND
DSL Ottawa Lynx batting - Pitching for DSL Cincinnati Reds : RHP Jon Jones
Batting: RHB Chet Goode 0-0: Ball
1-0: Ball
2-0: Called Strike
2-1: Ball
3-1: Foul Ball, location: 2F
3-2: Strikes out looking
Batting: RHB Joey Oldknow 0-0: Foul Ball, location: 5FF
0-1: Ball
1-1: Foul Ball, location: 2F
1-2: Foul Ball, location: 9LMF
1-2: Ball
2-2: SINGLE (Groundball, 4D, EV 110.6 MPH)
Batting: RHB Bobby King 0-0: Ball
1-0: Swinging Strike
1-1: Foul Ball, location: 3DF
1-2: Ball
2-2: Ball
3-2: Base on Balls
Joey Oldknow to second
Batting: RHB Lúcio Pérez 0-0: Foul Ball, location: 9LMF
0-1: Ball
1-1: Called Strike
1-2: Strikes out swinging
Batting: LHB José Acosta 0-0: Called Strike
0-1: Fly out, F5 (Popup, 56S, EV 76.3 MPH)
Top of the 2nd over - 0 runs, 1 hit, 0 errors, 2 left on base; DSL Ottawa 0 - DSL Cincinnati 0
BOTTOM OF THE 2ND
DSL Cincinnati Reds batting - Pitching for DSL Ottawa Lynx : RHP Luis Bernard
Batting: RHB Len Taylor 0-0: Foul Ball, location: 2F
0-1: Called Strike
0-2: Strikes out swinging
Batting: RHB Nobuhito Ojima 0-0: Swinging Strike
0-1: Fly out, F3 (Line Drive, 3L, EV 70.6 MPH)
Batting: RHB Bobby Roberts 0-0: Called Strike
0-1: Ball
1-1: Foul Ball, location: 9LMF
1-2: Foul Ball, location: 2LF
1-2: Fly out, F3 (Line Drive, 3, EV 65.0 MPH)
Bottom of the 2nd over - 0 runs, 0 hits, 0 errors, 0 left on base; DSL Ottawa 0 - DSL Cincinnati 0
TOP OF THE 3RD
DSL Ottawa Lynx batting - Pitching for DSL Cincinnati Reds : RHP Jon Jones
Batting: RHB Jorge Villegas 0-0: Called Strike
0-1: Called Strike
0-2: Ball
1-2: Ball
2-2: Ball
3-2: Foul Ball, location: 23F
3-2: Base on Balls
Batting: LHB Tomás Flores 0-0: Sac Bunt to 13 - play at first, batter OUT! 1-3
Jorge Villegas to second
Batting: SHB Leonardo Pineda 0-0: Ball
1-0: Ball
2-0: Called Strike
2-1: Ball
3-1: Base on Balls
Pitching: RHP Mike Reed
Batting: LHB Sergio Soriano 0-0: Foul Ball, location: 5F
0-1: Swinging Strike
0-2: Fly out, F9 (Flyball, 89D, EV 96.3 MPH)
Runner from 2nd tags up, SAFE at 3rd, no throw by RF
Pinch Hitting: SHB Jesús Martínez 0-0: Ball
1-0: Fly out, F5 (Popup, 5S, EV 83.8 MPH)
Top of the 3rd over - 0 runs, 0 hits, 0 errors, 2 left on base; DSL Ottawa 0 - DSL Cincinnati 0
BOTTOM OF THE 3RD
DSL Cincinnati Reds batting - Pitching for DSL Ottawa Lynx : RHP Luis Bernard
Now at 3B: Luis Muxo
Batting: RHB Jermaine Pittman 0-0: Foul Ball, location: 2F
0-1: Ball
1-1: Ball
2-1: Ground out 6-3 (Groundball, 56, EV 106.9 MPH)
Batting: RHB Luis Carrillo 0-0: SINGLE (Line Drive, 7S, EV 100.6 MPH)
Batting: RHB Jim Unknown 0-0: Foul Ball, location: 9LDF
0-1: Ball
1-1: Ball
2-1: Foul Ball, location: 9LSF
2-2: Foul Ball, location: 9LSF
2-2: Foul Ball, location: 5FF
2-2: Ball
3-2: Strikes out swinging
Luis Carrillo steals 2nd base
Batter strikes out.
Batting: LHB José Gonzáles 0-0: Ball
1-0: 2-RUN HOME RUN (Flyball, 9D, EV 96.3 MPH), Distance : 387 ft
Batting: RHB Héctor Rincón 0-0: Ball
1-0: Called Strike
1-1: Ball
2-1: Ball
3-1: Base on Balls
Batting: RHB Jesús Vásquez 0-0: Called Strike
Héctor Rincón is caught stealing 2nd base 2-4
Bottom of the 3rd over - 2 runs, 2 hits, 0 errors, 0 left on base; DSL Ottawa 0 - DSL Cincinnati 2
TOP OF THE 4TH
DSL Ottawa Lynx batting - Pitching for DSL Cincinnati Reds : RHP Mike Reed
Batting: RHB Joey Oldknow 0-0: Ball
1-0: Fly out, F7 (Flyball, 78M, EV 93.8 MPH)
Batting: RHB Bobby King 0-0: Called Strike
0-1: Called Strike
0-2: Ball
1-2: Ball
2-2: Strikes out swinging
Batting: RHB Lúcio Pérez 0-0: Called Strike
0-1: Ball
1-1: Foul Ball, location: 2F
1-2: Foul Ball, location: 2F
1-2: Strikes out swinging
Top of the 4th over - 0 runs, 0 hits, 0 errors, 0 left on base; DSL Ottawa 0 - DSL Cincinnati 2
BOTTOM OF THE 4TH
DSL Cincinnati Reds batting - Pitching for DSL Ottawa Lynx : RHP Luis Bernard
Batting: RHB Jesús Vásquez 0-0: Ball
1-0: Ball
2-0: SOLO HOME RUN (Flyball, 7D, EV 101.9 MPH), Distance : 399 ft
DELAY Rain delay of 19 minutes in the 4th inning.
Batting: RHB Len Taylor 0-0: Fly out, F7 (Flyball, 78S, EV 81.9 MPH)
Batting: RHB Nobuhito Ojima 0-0: Swinging Strike
0-1: Ball
1-1: Swinging Strike
1-2: Foul Ball, location: 9LSF
1-2: Ball
2-2: Strikes out looking
Batting: RHB Bobby Roberts 0-0: Called Strike
0-1: Ball
1-1: Foul Ball, location: 9LMF
1-2: Ball
2-2: Foul Ball, location: 2F
2-2: Foul Ball, location: 2F
2-2: Foul Ball, location: 3F
2-2: Ball
3-2: Base on Balls
Batting: RHB Jermaine Pittman 0-0: Called Strike
0-1: Foul Ball, location: 9LDF
0-2: Ball
1-2: Foul Ball, location: 25F
1-2: Fielders Choice at 2nd, 6-4 (Groundball, 6, EV 82.5 MPH)
Bottom of the 4th over - 1 run, 1 hit, 0 errors, 1 left on base; DSL Ottawa 0 - DSL Cincinnati 3
TOP OF THE 5TH
DSL Ottawa Lynx batting - Pitching for DSL Cincinnati Reds : RHP Mike Reed
Batting: LHB José Acosta 0-0: Fly out, F7 (Flyball, 7, EV 98.8 MPH)
Batting: RHB Jorge Villegas 0-0: Called Strike
0-1: Called Strike
0-2: Foul Ball, location: 3F
0-2: Ball
1-2: Ball
2-2: Ground out 5-3 (Groundball, 56, EV 90.6 MPH)
Batting: LHB Tomás Flores 0-0: Ball
1-0: Ball
2-0: Called Strike
2-1: Foul Ball, location: 2F
2-2: Strikes out swinging
Top of the 5th over - 0 runs, 0 hits, 0 errors, 0 left on base; DSL Ottawa 0 - DSL Cincinnati 3
BOTTOM OF THE 5TH
DSL Cincinnati Reds batting - Pitching for DSL Ottawa Lynx : RHP Luis Bernard
Batting: RHB Luis Carrillo 0-0: Ball
1-0: Foul Ball, location: 2F
1-1: Foul Ball, location: 5FF
1-2: Foul Ball, location: 2F
1-2: Foul Ball, location: 9LMF
1-2: Ball
2-2: Ball
3-2: Strikes out looking
Batting: RHB Jim Unknown 0-0: Ball
1-0: Called Strike
1-1: Fly out, F8 (Flyball, 8LD, EV 97.5 MPH)
Batting: LHB José Gonzáles 0-0: Called Strike
0-1: Foul Ball, location: 2F
0-2: Ground out 4-3 (Groundball, 4, EV 80.6 MPH)
Bottom of the 5th over - 0 runs, 0 hits, 0 errors, 0 left on base; DSL Ottawa 0 - DSL Cincinnati 3
TOP OF THE 6TH
DSL Ottawa Lynx batting - Pitching for DSL Cincinnati Reds : RHP Mike Reed
Batting: SHB Leonardo Pineda 0-0: Called Strike
0-1: Ball
1-1: Ball
2-1: Ball
3-1: Called Strike
3-2: Strikes out looking
Batting: LHB Sergio Soriano 0-0: Ball
1-0: Swinging Strike
1-1: Ball
2-1: Ball
3-1: Base on Balls
Batting: RHB Luis Muxo 0-0: Called Strike
0-1: Called Strike
0-2: Ball
1-2: Ball
2-2: Ball
3-2: Foul Ball, location: 5F
3-2: Base on Balls
Sergio Soriano to second
Batting: RHB Joey Oldknow 0-0: Called Strike
0-1: Ball
1-1: Ball
2-1: Foul Ball, location: 2F
2-2: Foul Ball, location: 9LMFF
2-2: SINGLE (Line Drive, 56D, EV 101.9 MPH)
Sergio Soriano to third
Luis Muxo to second
Batting: RHB Bobby King 0-0: Hit by Pitch
Sergio Soriano scores
Luis Muxo to third
Joey Oldknow to second
Batting: RHB Lúcio Pérez 0-0: Foul Ball, location: 7LSF
0-1: Ball
1-1: Called Strike
1-2: Ball
2-2: Fly out, F9 (Flyball, 9, EV 91.9 MPH)
Runner from 3rd tags up, SCORES, no throw by RF
Pitching: RHP Jimmy Moore
Batting: SHB Jesús Trevino 0-0: Called Strike
0-1: Ball
1-1: Ball
2-1: Called Strike
2-2: Ball
3-2: Foul Ball, location: 25F
3-2: Base on Balls
Joey Oldknow to third
Bobby King to second
Batting: RHB Jorge Villegas 0-0: Called Strike
0-1: Called Strike
0-2: Ball
1-2: Foul Ball, location: 2F
1-2: Ball
2-2: Foul Ball, location: 23F
2-2: Foul Ball, location: 9LSF
2-2: Foul Ball, location: 9LMF
2-2: Ball
3-2: Foul Ball, location: 5FF
3-2: Strikes out looking
Top of the 6th over - 2 runs, 1 hit, 0 errors, 3 left on base; DSL Ottawa 2 - DSL Cincinnati 3
BOTTOM OF THE 6TH
DSL Cincinnati Reds batting - Pitching for DSL Ottawa Lynx : RHP Luis Bernard
Pitching: RHP Juan García
Batting: RHB Héctor Rincón 0-0: Fly out, F8 (Flyball, 8RM, EV 81.3 MPH)
Batting: RHB Jesús Vásquez 0-0: Called Strike
0-1: SINGLE (Line Drive, 34D, EV 99.4 MPH)
Batting: RHB Len Taylor 0-0: Ball
1-0: Called Strike
1-1: Foul Ball, location: 9LSF
1-2: Strikes out swinging
Batting: RHB Nobuhito Ojima 0-0: Ball
1-0: Fly out, F7 (Flyball, 7, EV 99.4 MPH)
Bottom of the 6th over - 0 runs, 1 hit, 0 errors, 1 left on base; DSL Ottawa 2 - DSL Cincinnati 3
TOP OF THE 7TH
DSL Ottawa Lynx batting - Pitching for DSL Cincinnati Reds : RHP Jimmy Moore
Batting: LHB Tomás Flores 0-0: Fly out, F3 (Popup, 3F, EV 73.8 MPH)
Batting: SHB Leonardo Pineda 0-0: Called Strike
0-1: Ball
1-1: Ball
2-1: Called Strike
2-2: Ball
3-2: Foul Ball, location: 2F
3-2: Base on Balls
Batting: LHB Sergio Soriano 0-0: Called Strike
Leonardo Pineda steals 2nd base
0-1: Foul Ball, location: 2F
0-2: Fly out, F6 (Popup, 5D, EV 71.3 MPH)
Batting: RHB Luis Muxo 0-0: Ball
1-0: Ball
2-0: Ball
3-0: Base on Balls
Batting: RHB Joey Oldknow 0-0: Ball
1-0: Fielders Choice at 2nd, 6-4 (Groundball, 6, EV 89.4 MPH)
Top of the 7th over - 0 runs, 0 hits, 0 errors, 2 left on base; DSL Ottawa 2 - DSL Cincinnati 3
BOTTOM OF THE 7TH
DSL Cincinnati Reds batting - Pitching for DSL Ottawa Lynx : RHP Juan García
Batting: RHB Bobby Roberts 0-0: Foul Ball, location: 2F
0-1: Reached on error, E6 (Groundball, 6, EV 99.4 MPH)
Batting: RHB Jermaine Pittman 0-0: Bunt missed!
0-1: Bunt - Flyout to 2R! F2
Batting: RHB Luis Carrillo 0-0: Ball
1-0: Ball
2-0: Ball
3-0: Base on Balls
Bobby Roberts to second
Batting: LHB Mike Richards 0-0: Ball
1-0: Swinging Strike
1-1: Called Strike
1-2: Foul Ball, location: 23FF
1-2: Grounds into double play, 6-4-3 (Groundball, 6, EV 83.1 MPH)
Bottom of the 7th over - 0 runs, 0 hits, 1 error, 1 left on base; DSL Ottawa 2 - DSL Cincinnati 3
TOP OF THE 8TH
DSL Ottawa Lynx batting - Pitching for DSL Cincinnati Reds : RHP Jimmy Moore
Batting: RHB Bobby King 0-0: Ball
1-0: SINGLE (Line Drive, 9LM, EV 105.0 MPH)
Batting: RHB Lúcio Pérez 0-0: Ball
1-0: Bunt missed!
1-1: Called Strike
1-2: Strikes out swinging
Batting: LHB Bernardo Esparza 0-0: Called Strike
0-1: Foul Ball, location: 25F
0-2: Strikes out swinging
Batting: RHB Jorge Villegas 0-0: Ball
1-0: Foul Ball, location: 5SF
1-1: Ball
2-1: SINGLE (Groundball, 4M, EV 103.1 MPH)
Bobby King to second
Batting: LHB Tomás Flores 0-0: Called Strike
0-1: Swinging Strike
0-2: Strikes out looking
Top of the 8th over - 0 runs, 2 hits, 0 errors, 2 left on base; DSL Ottawa 2 - DSL Cincinnati 3
BOTTOM OF THE 8TH
DSL Cincinnati Reds batting - Pitching for DSL Ottawa Lynx : RHP Juan García
Batting: LHB José Gonzáles 0-0: Ball
1-0: Ball
2-0: Called Strike
2-1: Swinging Strike
2-2: Ball
3-2: Base on Balls
Batting: RHB Héctor Rincón 0-0: Bunted foul
0-1: Bunted foul
0-2: Ball
1-2: Ball
2-2: Ball
3-2: Strikes out looking
Batting: RHB Jesús Vásquez 0-0: Called Strike
José Gonzáles is caught stealing 2nd base 2-4
0-1: SINGLE (Line Drive, 78S, EV 89.4 MPH)
Batting: RHB Len Taylor 0-0: Ball
1-0: Ball
2-0: Ball
3-0: Base on Balls
Jesús Vásquez to second
Pinch Runner at 2nd Joe Taylor:
Batting: RHB Nobuhito Ojima 0-0: Ball
1-0: Ball
2-0: Single, Error in OF, E8, batter to second base (Line Drive, 78M, EV 87.5 MPH)
Joe Taylor scores
Len Taylor to third
Batting: RHB Bobby Roberts 0-0: Ball
1-0: Swinging Strike
1-1: Swinging Strike
1-2: Strikes out looking
Bottom of the 8th over - 1 run, 2 hits, 1 error, 2 left on base; DSL Ottawa 2 - DSL Cincinnati 4
TOP OF THE 9TH
DSL Ottawa Lynx batting - Pitching for DSL Cincinnati Reds : RHP Jimmy Moore
Now at 2B: Andy Hughes
Batting: SHB Leonardo Pineda 0-0: Ball
1-0: Swinging Strike
1-1: Ball
2-1: Ball
3-1: Called Strike
3-2: Base on Balls
Batting: LHB Sergio Soriano 0-0: Called Strike
0-1: Ball
1-1: Ball
2-1: Foul Ball, location: 7LMFF
2-2: Fly out, F9 (Flyball, 89S, EV 89.4 MPH)
Pitching: RHP Darren Cressy
Batting: RHB Luis Muxo 0-0: Called Strike
0-1: Ball
1-1: Ball
2-1: Foul Ball, location: 9LSF
2-2: Strikes out looking
Batting: RHB Joey Oldknow 0-0: Hit by Pitch
Leonardo Pineda to second
Batting: RHB Bobby King 0-0: Ground out U3 (Groundball, 34S, EV 78.8 MPH)
Top of the 9th over - 0 runs, 0 hits, 0 errors, 2 left on base; DSL Ottawa 2 - DSL Cincinnati 4
Friday, May 3rd , 2024 - OOTP Baseball 24.10 Build 82